 Dungeon Crawl Stone Soup version 0.29.1-1-gd02db6906a (webtiles) character file.

Game seed: 9272430228352318605

80 Rediskos the Chopper (level 4, -1/40 HPs)
             Began as a Hill Orc Fighter on Oct 16, 2022.
             Slain by a quokka (2 damage)
             ... on level 2 of the Dungeon.
             The game lasted 00:03:29 (1314 turns).

Rediskos the Chopper (Hill Orc Fighter)             Turns: 1314, Time: 00:03:30

Health: -1/40      AC:  7    Str: 18    XL:     4   Next: 39%
Magic:  4/4        EV:  9    Int:  8    God:
Gold:   44         SH:  5    Dex: 12    Spells: 3/3 levels left

rFire   . . .      SeeInvis .   a - +0 war axe
rCold   + . .      Faith    .   c - +0 buckler
rNeg    . . .      Spirit   .   b - +0 scale mail
rPois   .          Reflect  .   (no helmet)
rElec   .          Harm     .   (no cloak)
rCorr   .          Rampage  .   (no gloves)
Will    .....                   (no boots)
Stlth   ..........              (no amulet)
HPRegen 0.13/turn               g - ring of protection from cold
MPRegen 0.09/turn               (no ring)

@: mighty
A: no striking features
a: no special abilities


You were on level 2 of the Dungeon.
You visited 1 branch of the dungeon, and saw 2 of its levels.

You collected 44 gold pieces.

Inventory:

Hand Weapons
 a - a +0 war axe (weapon)
Armour
 b - a +0 scale mail (worn)
 c - a +0 buckler (worn)
Jewellery
 g - a ring of protection from cold (left hand)
 j - a ring of poison resistance
Scrolls
 e - 3 scrolls of identify {unknown}
 h - 3 scrolls of fog {unknown}
 i - a scroll of teleportation {unknown}
Potions
 f - a potion of lignification {unknown}


   Skills:
 + Level 4.2 Fighting
 * Level 4.3 Axes
 + Level 3.8 Armour
 + Level 3.8 Shields


You had 3 spell levels left.
You didn't know any spells.
Your spell library was empty.

Dungeon Overview and Level Annotations

Branches:
Dungeon (2/15)

Altars:

Shops:
D:1 [


Message History

The adder is moderately wounded.
You feel sick. The adder bites you.
You are more poisoned.
The adder poisons you! The adder misses you.
You hit the adder.
The adder is heavily wounded.
You feel very sick. You block the adder's attack.
You barely miss the adder.
The adder is heavily wounded.
You feel sick. The adder closely misses you.
The adder bites you but does no damage.
You feel very mighty all of a sudden.
You feel sick. You block the adder's attack.
You barely miss the adder.
The adder is heavily wounded.
You feel sick. You block the adder's attack. The adder bites you.
* * * LOW HITPOINT WARNING * * *
You miss the adder.
The adder is heavily wounded.
You feel sick. The adder closely misses you.
The adder bites you but does no damage.
You slash the adder!
You kill the adder!
You feel sick.
You are no longer poisoned.
You slice the endoplasm!!
You kill the endoplasm!
You hit the quokka.
The quokka is almost dead.
The quokka bites you but does no damage.
You miss the quokka.
The quokka is almost dead.
The quokka bites you.
* * * LOW HITPOINT WARNING * * *
The quokka bites you but does no damage.
You closely miss the quokka.
The quokka is almost dead.
The quokka bites you.
You die...

#.#^.<#######†#
#.#.....>.....#
#.#############
#.............#
#.###########.#
#.# #(# ### #.#
#.######## #.#
.>....r@.# #.#
♣.♣.####.# #.#
♣ #.# #.#
♣P♣#.# #.#
♣.§P.## #.#
♣♣.♣..### #.#
♣.♣P....# #.#
.P♣..P♣#.# #.#
P♣.♣PP♣.#.# #.#


You could see a quokka.

Vanquished Creatures
  Natasha (D:2)
  2 adders (D:2)
  2 dart slugs (D:1)
  2 endoplasms
  2 giant cockroaches
  3 goblins
  4 hobgoblins (D:1)
  4 jackals (D:1)
  A quokka (D:2)
  2 bats (D:1)
  2 frilled lizards (D:1)
  3 kobolds (D:1)
  6 rats
34 creatures vanquished.

Vanquished Creatures (others)
  67 plants (D:2)
67 creatures vanquished.

Grand Total: 101 creatures vanquished

Notes
Turn   | Place    | Note
-------+----------+-------------------------------------------
     0 | D:1      | Rediskos the Hill Orc Fighter began the quest for the Orb.
     0 | D:1      | Reached XP level 1. HP: 19/19 MP: 1/1
   130 | D:1      | Reached XP level 2. HP: 25/27 MP: 2/2
   239 | D:1      | Found Gokkesk's Armour Emporium.
   584 | D:1      | Reached XP level 3. HP: 33/33 MP: 3/3
   966 | D:2      | Noticed Natasha
   971 | D:2      | Killed Natasha
   972 | D:2      | Reached XP level 4. HP: 17/40 MP: 4/4
  1166 | D:2      | Found a faded altar of an unknown god.
  1313 | D:2      | HP: 1/40 [quokka (3)]
  1314 | D:2      | Slain by a quokka

Illustrated notes

Levels and vault maps discovered:
D:1:      eino_arrival_water_cross, layout_loops_ring, serial_shops,
          nicolae_shop_waterfront
D:2:      wad_woods_stonehenge, layout_basic, chequers_ecumenical_altar_lobes,
          uniq_natasha

Skill      XL: |  1  2  3 |
---------------+----------+-----
Axes           | 3 4 |  4.3
Fighting       | 4 |  4.2
Armour         | |  3.8
Shields        | |  3.8

Action                   |  1- 3 |  4- 6 || total
-------------------------+-------+-------++-------
Melee: War axe           |    72 |    32 ||   104
  Use: Potion            |       |     1 ||     1
Armor: Scale mail        |    21 |    14 ||    35
Dodge: Dodged            |    33 |     7 ||    40
Block: Buckler           |    13 |    10 ||    23
